 Dungeon Crawl Stone Soup version 0.30-a0-3-gc9032a9cac (webtiles) character file.

Game seed: 14958589787181008748

114 Descartes the Shield-Bearer (level 5, -3/38 (41) HPs)
             Began as a Formicid Fighter on Aug 20, 2022.
             Killed by nerve-wracking pain
             ... invoked by an orc priest
              (5 damage)
             ... on level 3 of the Dungeon.
             The game lasted 00:02:43 (1573 turns).

Descartes the Shield-Bearer (Formicid Fighter)      Turns: 1573, Time: 00:02:44

HP:   -3/38 (41)    AC:  7    Str: 20    XL:     5   Next: 19%
MP:   4/6           EV:  8    Int: 10    God:
Gold: 117           SH:  9    Dex: 13    Spells: 5/5 levels left

rFire   . . .      SeeInvis +    a - +0 war axe
rCold   . . .      Faith    .    t - +0 kite shield
rNeg    . . .      Spirit   .    b - +0 scale mail
rPois   .          Reflect  .    (helmet unavailable)
rElec   .          Harm     .    (no cloak)
rCorr   .          Rampage  .    (no gloves)
Will    .....                    (no boots)
Stlth   ..........               (no amulet)
HPRegen 0.12/turn                (no ring)
MPRegen 0.10/turn                (no ring)

@: drained
A: permanent stasis, dig shafts and tunnels, antennae 3, four strong arms
a: Dig, Shaft Self


You were on level 3 of the Dungeon.
You visited 1 branch of the dungeon, and saw 3 of its levels.

You collected 117 gold pieces.

Inventory:

Hand Weapons
 a - a +0 war axe (weapon)
 p - a +1 whip of draining
Missiles
 f - 34 stones
 k - 10 boomerangs
Armour
 b - a +0 scale mail (worn)
 t - a +0 kite shield (worn)
Jewellery
 l - an amulet of magic regeneration
Wands
 o - a wand of iceblast (6)
Scrolls
 i - 2 scrolls of fog {unknown}
 j - a scroll of enchant weapon {unknown}
 m - 2 scrolls of blinking {unknown}
 n - a scroll of fear {unknown}
 q - a scroll of summoning {unknown}
 r - 3 scrolls of teleportation {unknown}
 s - a scroll of noise {unknown}
Potions
 d - 2 potions of might
 e - a potion of lignification {unknown}
 g - a potion of degeneration {unknown}
 h - 5 potions of curing {unknown}


   Skills:
 + Level 3.5 Fighting
 * Level 2.4(2.9) Axes
 * Level 1.3(2.1) Maces & Flails
 * Level 1.4(2.2) Polearms
 * Level 3.7 Armour
 * Level 4.3 Shields
 + Level 0.7 Spellcasting
 + Level 0.3 Conjurations
 + Level 1.1 Hexes
 + Level 0.7 Translocations
 * Level 1.0 Evocations


You had 5 spell levels left.
You didn't know any spells.
Your spell library was empty.

Dungeon Overview and Level Annotations

Branches:
Dungeon (3/15)

Altars:


Innate Abilities, Weirdness & Mutations

You cannot be hasted, slowed, berserked, paralysed or teleported.
You can dig through walls and to a lower floor.
You have a pair of large antennae on your head. (SInv)
Your four strong arms can wield two-handed weapons with a shield.


Message History

The orc hits you but does no damage. x2
You hit the orc but do no damage. The orc hits you but does no damage.
You barely miss the orc. The orc closely misses you.
The orc hits you with a +0 dagger.
You hit the orc.
The orc is heavily wounded.
The orc hits you but does no damage.
You barely miss the orc.
The orc is heavily wounded.
The orc hits you with a +0 dagger. The orc completely misses you.
You closely miss the orc.
The orc is heavily wounded.
You block the orc's attack.
You barely miss the orc.
The orc is heavily wounded.
The orc hits you with a +0 dagger.
You slash the orc!
You kill the orc!
The orc priest barely misses you.
You slash the orc priest!
The orc priest is severely wounded.
The orc priest completely misses you.
You closely miss the orc priest.
The orc priest is severely wounded.
The orc priest invokes the aid of Beogh against you.
Pain shoots through your body!
The orc priest mumbles some strange prayers to Beogh against you.
Beogh smites you!
* * * LOW HITPOINT WARNING * * *
You hit the orc priest.
You kill the orc priest!
Your Evocations skill increases to level 1!
You have reached level 5!
You slash the orc priest!
The orc priest is almost dead.
The orc priest hits you with a +0 flail.
* * * LOW HITPOINT WARNING * * *
The orc priest invokes the aid of Beogh against you.
Pain shoots through your body!
You die...

##### ##...## #o8$8.#
#_.$..+ #.8o8.# ####o..#
##o#.#### #@#{.# ##+##
####.# ##...## #.####.#
##.....## ##......# #
##.......## ##..####.#
####.........####......#.
)..+.........'...........#
####........)####...##.###
.# ##..†....## ##.## .#


You could see an orc priest.

Vanquished Creatures
  An orc priest (D:3)
  Robin (D:2)
  An adder (D:2)
  A worm (D:3)
  3 dart slugs
  2 orcs (D:3)
  6 bats
  A giant cockroach (D:1)
  3 hobgoblins (D:1)
  2 jackals (D:2)
  5 kobolds
  A quokka (D:3)
  4 ball pythons (D:1)
  3 frilled lizards
  16 goblins
  3 rats
53 creatures vanquished.

Vanquished Creatures (others)
  A frilled lizard (D:2)
1 creature vanquished.

Grand Total: 54 creatures vanquished

Notes
Turn   | Place    | Note
-------+----------+-------------------------------------------
     0 | D:1      | Descartes the Formicid Fighter began the quest for the Orb.
     0 | D:1      | Reached XP level 1. HP: 18/18 MP: 1/1
    62 | D:1      | Reached XP level 2. HP: 11/24 MP: 2/2
   430 | D:1      | Reached skill level 1 in Polearms
   430 | D:1      | Reached XP level 3. HP: 25/29 MP: 3/3
   827 | D:2      | Reached XP level 4. HP: 35/35 MP: 4/4
   829 | D:2      | Noticed a golden eye
   831 | D:2      | Noticed Robin
   851 | D:2      | Reached skill level 1 in Maces & Flails
   871 | D:2      | Killed Robin
  1006 | D:2      | Found a faded altar of an unknown god.
  1009 | D:2      | Noticed a great orb of eyes
  1015 | D:2      | Noticed a golden eye
  1018 | D:2      | Noticed a shining eye
  1475 | D:3      | Reached skill level 1 in Hexes
  1573 | D:3      | Reached skill level 1 in Evocations
  1573 | D:3      | Reached XP level 5. HP: 4/38 MP: 4/6
  1573 | D:3      | Killed from afar by an orc priest

Illustrated notes

Levels and vault maps discovered:
D:1:      spicycebolla_green_bress_n_ham, layout_rooms
D:2:      layout_rooms, serial_rivers, chequers_serial_rivers_micro_d,
          chequers_serial_rivers_micro_c, chequers_serial_rivers_micro_d,
          chequers_serial_rivers_small_3, chequers_serial_rivers_room_a,
          hellmonk_ecumenical_altar_watching_god, uniq_robin
D:3:      layout_loops_corners, gammafunk_ghost_stat_death,
          kennysheep_orc_chapel

Skill      XL: |  1  2  3  4 |
---------------+-------------+-----
Polearms       | 1 |  1.4
Maces & Flails | 1 |  1.3
Hexes          | 1 |  1.1
Evocations     | 1 |  1.0
Fighting       | |  3.5
Axes           | |  2.4
Armour         | |  3.7
Shields        | |  4.3
Spellcasting   | |  0.7
Conjurations   | |  0.3
Translocations | |  0.7

Action                   |  1- 3 |  4- 6 || total
-------------------------+-------+-------++-------
Melee: War axe           |    68 |    52 ||   120
 Abil: Dig               |       |     2 ||     2
Armor: Scale mail        |    33 |    29 ||    62
Dodge: Dodged            |    32 |    26 ||    58
Block: Buckler           |    17 |     5 ||    22
       Kite shield       |       |     9 ||     9

Table legend: (Time is in decaauts)
 A = Elapsed time spent in this place.
 B = Non-inter-level travel time spent in this place.
 C = Inter-level travel time spent in this place.
 D = Time resting spent in this place.
 E = Time spent auto-exploring this place.
 F = Levels seen in this place.
 G = Mean time per level.
                   A        B        C        D        E       F      G
               +--------+--------+--------+--------+--------+-----+--------+
         Total |   1624 |   1575 |     49 |      0 |   1202 |   3 |  541.3 |
       Dungeon |   1624 |   1575 |     49 |      0 |   1202 |   3 |  541.3 |
               +--------+--------+--------+--------+--------+-----+--------+

Top non-repeatable levels by time:
     D:1: 698 daAuts
     D:2: 650 daAuts
     D:3: 275 daAuts
